 Dungeon Crawl Stone Soup version 0.27.1-34-g3ba077fa99 (webtiles) character file.

Game seed: 10080075442794181129

4 zeram the Ducker (level 1, 0/11 HPs)
             Began as a Spriggan Fighter on Jan 2, 2022.
             Slain by a bat (1 damage)
             ... on level 1 of the Dungeon.
             The game lasted 00:00:44 (523 turns).

zeram the Ducker (Spriggan Fighter)                  Turns: 523, Time: 00:00:45

Health: 0/11       AC:  2    Str: 12    XL:     1   Next: 58%
Magic:  2/2        EV: 17    Int:  9    God:
Gold:   4          SH:  6    Dex: 14    Spells: 0/0 levels left

rFire    . . .     SeeInvis +   a - +0 rapier
rCold    . . .     Faith    .   c - +0 buckler
rNeg     . . .     Spirit   .   b - +0 robe
rPois    .         Reflect  .   (helmet restricted)
rElec    .         Harm     .   (no cloak)
rCorr    .         Rampage  .   (gloves unavailable)
Will     .....                  (boots unavailable)
Stlth    +.........             (no amulet)
HPRegen  0.03/turn              (no ring)
MPRegen  0.08/turn              (no ring)

@: very quick
A: very small, no large weapons, unfitting armour, see invisible, speed 3
a: no special abilities


You were on level 1 of the Dungeon.
You visited 1 branch of the dungeon, and saw 1 of its levels.

You collected 4 gold pieces.

Inventory:

Hand Weapons
 a - a +0 rapier (weapon)
Armour
 b - a +0 robe (worn)
 c - a +0 buckler (worn)
Potions
 d - a potion of might
 e - 3 potions of curing {unknown}


   Skills:
 - Level 2.4 Fighting
 - Level 2.1 Short Blades
 + Level 4.2 Dodging
 + Level 2.3 Shields


You couldn't memorise any spells.
You didn't know any spells.
Your spell library was empty.

Dungeon Overview and Level Annotations

Branches:
Dungeon (1/15)

Altars:


Innate Abilities, Weirdness & Mutations

You are very small and have problems with some larger weapons.
You are too small for most types of armour.
You have supernaturally acute eyesight. (SInv)
You cover ground extremely quickly. (Speed+++)


Message History

The endoplasm is heavily wounded.
The endoplasm freezes you.
You are frozen.
The giant cockroach completely misses you.
You hit the endoplasm.
The endoplasm is severely wounded.
The endoplasm freezes you.
You are frozen.
The giant cockroach misses you.
You hit the endoplasm.
The endoplasm is almost dead.
The giant cockroach closely misses you. The endoplasm freezes you.
You are frozen.
* * * LOW HITPOINT WARNING * * *
You are too injured to fight recklessly!
You are too injured to fight recklessly!
The giant cockroach closely misses you.
A bat comes into view.
You block the bat's attack.
You barely miss the bat. The bat misses you.
The giant cockroach barely misses you. The bat hits you but does no damage.
You hit the giant cockroach.
The giant cockroach is severely wounded.
The bat hits you but does no damage. The bat misses you.
The giant cockroach bites you but does no damage.
You hit the giant cockroach but do no damage.
The giant cockroach is severely wounded.
The bat misses you. The giant cockroach barely misses you.
The giant cockroach bites you.
* * * LOW HITPOINT WARNING * * *
The bat barely misses you. You block the bat's attack.
You hit the bat.
The bat is moderately wounded.
You block the bat's attack. The giant cockroach closely misses you.
The giant cockroach bites you.
* * * LOW HITPOINT WARNING * * *
The bat barely misses you.
A rat comes into view.
You block the bat's attack. The bat hits you.
You die...

#.###.#........
#..##.#........
##.##.#.J...###
+..............
###.#.#########
#.#J######
#...B....#
##......b######
#.>...@......r
###.....##....
#.....# .
#######


You could see an endoplasm, a giant cockroach, a bat and a rat.

Vanquished Creatures
  An endoplasm (D:1)
  A hobgoblin (D:1)
  A bat (D:1)
  A frilled lizard (D:1)
  A goblin (D:1)
5 creatures vanquished.

Notes
Turn   | Place    | Note
-------+----------+-------------------------------------------
     0 | D:1      | zeram the Spriggan Fighter began the quest for the Orb.
     0 | D:1      | Reached XP level 1. HP: 11/11 MP: 2/2
     2 | D:1      | Noticed a felid
     2 | D:1      | Noticed a demigod
     9 | D:1      | Noticed a human
    16 | D:1      | Noticed a merfolk zombie
    18 | D:1      | Noticed a vampire
    22 | D:1      | Noticed a minotaur skeleton
   523 | D:1      | Slain by a bat

Illustrated notes

Levels and vault maps discovered:
D:1:      shiori_arrival_whats_in_store_for_you, layout_basic

Action                   || total
-------------------------++-------
Melee: Rapier            ||    33
Armor: Robe              ||     9
Dodge: Dodged            ||    34
Block: Buckler           ||    14
